 Dungeon Crawl Stone Soup version 0.26-a0-651-gb41185065b (webtiles) character file.

Game seed: 5647891958308444643

174 KennyOmg the Chopper (level 5, 0/48 HPs)
             Began as a Minotaur Berserker on Sept 30, 2020.
             Was a Believer of Trog.
             Succumbed to an orc wizard's poison
             ... on level 3 of the Dungeon.
             The game lasted 00:03:38 (1960 turns).

KennyOmg the Chopper (Minotaur Berserker)           Turns: 1960, Time: 00:03:38

Health: 0/48       AC:  7    Str: 21    XL:     5   Next: 28%
Magic:  4/4        EV: 11    Int:  5    God:    Trog [**....]
Gold:   76         SH:  0    Dex: 10    Spells: 4/4 levels left

rFire    . . .     SeeInvis .   a - +0 hand axe
rCold    . . .     Faith    .   (no shield)
rNeg     . . .     Spirit   .   i - +0 ring mail
rPois    .         Reflect  .   (helmet restricted)
rElec    .         Harm     .   (no cloak)
rCorr    .         Rampage  .   c - +1 pair of gloves
MR       ++...                  (no boots)
Stlth    ..........             (no amulet)
HPRegen  1.16/turn              (no ring)
MPRegen  0.09/turn              (no ring)

@: lethally poisoned (0 -> 0), berserk cooldown, regenerating, slowed, very slow
A: retaliatory headbutt, horns 2
a: Berserk, Trog's Hand, Renounce Religion


You were on level 3 of the Dungeon.
You worshipped Trog.
Trog was pleased with you.
You visited 1 branch of the dungeon, and saw 3 of its levels.

You collected 76 gold pieces.

Inventory:

Hand Weapons
 a - a +0 hand axe (weapon)
 r - a +0 war axe
   (You took it off an orc on level 3 of the Dungeon)
Missiles
 d - 27 poisoned darts (quivered)
 o - 4 javelins
Armour
 c - a +1 pair of gloves (worn)
   (You found it on level 1 of the Dungeon)
 i - a +0 ring mail (worn)
   (You found it on level 1 of the Dungeon)
Scrolls
 e - a scroll of identify {unknown}
 h - a scroll of fog {unknown}
 j - 3 scrolls of enchant armour {unknown}
 l - a scroll of amnesia {unknown}
 m - a scroll of teleportation {unknown}
 n - a scroll of enchant weapon {unknown}
 p - a scroll of magic mapping {unknown}
 q - a scroll of remove curse {unknown}
Potions
 b - a potion of invisibility {unknown}
 f - 5 potions of heal wounds {unknown}
 g - a potion of haste {unknown}
 k - 4 potions of curing {unknown}


   Skills:
 + Level 5.1 Fighting
 * Level 6.3 Axes
 - Level 2.4 Armour
 - Level 2.1 Dodging


You had 4 spell levels left.
You didn't know any spells.
Your spell library was empty.

Dungeon Overview and Level Annotations

Branches:
Dungeon (3/15)

Altars:
Fedhas


Innate Abilities, Weirdness & Mutations

You reflexively headbutt those who attack you in melee.
You have a pair of horns on your head.


Message History

* * * LOW HITPOINT WARNING * * *
You feel sick. The frilled lizard barely misses you.
You miss the frilled lizard.
* * * LOW HITPOINT WARNING * * *
You feel sick.
You closely miss the frilled lizard.
* * * LOW HITPOINT WARNING * * *
You feel very sick. The frilled lizard barely misses you.
You furiously retaliate!
You headbutt the frilled lizard!
You kill the frilled lizard!
Trog accepts your kill.
* * * LOW HITPOINT WARNING * * *
You feel sick.
You feel a strong urge to attack something.
* * * LOW HITPOINT WARNING * * *
You feel sick.
You are no longer berserk.
You are exhausted.
You feel yourself slow down.
* * * LOW HITPOINT WARNING * * *
You feel sick.
Your skin crawls.
You feel resistant to hostile enchantments.
* * * LOW HITPOINT WARNING * * *
You feel very sick.
Unknown command.
Unknown command.
You feel the effects of Trog's Hand fading.
* * * LOW HITPOINT WARNING * * *
You feel very sick.
* * * LOW HITPOINT WARNING * * *
You feel very sick.
Things that are here:
a +0 war axe; an orc corpse
r - a +0 war axe You feel sick.
Unknown command.
* * * LOW HITPOINT WARNING * * *
You feel very sick.
Things that are here:
a +0 dagger of venom; a +0 robe; an orc corpse Unknown command.
Your skin stops crawling.
You feel less resistant to hostile enchantments.
* * * LOW HITPOINT WARNING * * *
You feel sick.
Your skin crawls.
You feel resistant to hostile enchantments.
You die...

#.#.#.. #.#. . #.#.#.#
#.#. ....... #.#.#.#
#...#.#. ....... #.#.#.#
#...#.#. ....... #.#.#.#
#...#.##
.......##.#.#.###.#...#...
.......'!....†..†.#...####
.......##)#.##.####...#...
#......@#...........#.##
+.....)...........>.#().
#...)†).................
#......######..###..#...
#......# ##.# #..#...
#......# #.. #..#†..
#......# ##.##..#...
#......# ..#..#...
#......# #.#..#...


There were no monsters in sight!

Vanquished Creatures
  An orc wizard (D:3)
  A worker ant (D:2)
  4 adders (D:2)
  An ooze (D:1)
  5 worms
  A dart slug (D:2)
  A leopard gecko (D:1)
  4 orcs (D:3)
  3 bats
  5 giant cockroaches
  10 goblins
  4 hobgoblins
  A quokka (D:3)
  A ball python (D:1)
  7 frilled lizards
  5 kobolds
  9 rats
63 creatures vanquished.

Notes
Turn   | Place    | Note
-------+----------+-------------------------------------------
     0 | D:1      | KennyOmg the Minotaur Berserker began the quest for the
                  | Orb.
     0 | D:1      | Reached XP level 1. HP: 19/19 MP: 0/0
   138 | D:1      | Reached skill level 4 in Axes
   155 | D:1      | Reached XP level 2. HP: 26/27 MP: 1/1
   773 | D:2      | Reached XP level 3. HP: 32/33 MP: 2/2
   901 | D:2      | Reached skill level 5 in Axes
   917 | D:2      | Reached ** piety under Trog
   970 | D:2      | Reached XP level 4. HP: 23/41 MP: 3/3
  1437 | D:2      | Found a blossoming altar of Fedhas.
  1755 | D:3      | Reached skill level 6 in Axes
  1933 | D:3      | Reached XP level 5. HP: 38/47 MP: 4/4
  1946 | D:3      | Reached skill level 5 in Fighting
  1958 | D:3      | HP: 2/48 [poisoned by an orc wizard]
  1960 | D:3      | Succumbed to an orc wizard's poison

Illustrated notes

Levels and vault maps discovered:
D:1:      dpeg_arrival_snail, layout_loops_ring
D:2:      layout_basic, lemuel_coloured_pillars_altar
D:3:      layout_basic, kennysheep_generic_room_3

Skill      XL: |  1  2  3  4  5 |
---------------+----------------+-----
Axes           | 4 5 6 |  6.3
Fighting       | 4 5 |  5.1
Armour         | |  2.4
Dodging        | |  2.1

Action                   |  1- 3 |  4- 6 || total
-------------------------+-------+-------++-------
Melee: Hand axe          |    63 |    56 ||   119
       Headbutt          |     5 |     9 ||    14
Invok: Berserk           |       |     2 ||     2
       Trog's Hand       |       |     2 ||     2
 Stab: Sleeping          |     1 |     1 ||     2
Armor: Animal skin       |    13 |     8 ||    21
       Ring mail         |       |     7 ||     7
Dodge: Dodged            |    42 |    34 ||    76

Table legend: (Time is in decaauts)
 A = Elapsed time spent in this place.
 B = Non-inter-level travel time spent in this place.
 C = Inter-level travel time spent in this place.
 D = Time resting spent in this place.
 E = Time spent auto-exploring this place.
 F = Levels seen in this place.
 G = Mean time per level.
                   A        B        C        D        E       F      G
               +--------+--------+--------+--------+--------+-----+--------+
         Total |   1970 |   1949 |     21 |    268 |   1343 |   3 |  656.7 |
       Dungeon |   1970 |   1949 |     21 |    268 |   1343 |   3 |  656.7 |
               +--------+--------+--------+--------+--------+-----+--------+

Top non-repeatable levels by time:
     D:1: 998 daAuts
     D:2: 698 daAuts
     D:3: 273 daAuts
